 Dungeon Crawl Stone Soup version 0.28-a0-653-g7e9dba17c3 (webtiles) character file.

Game seed: 2381646486432436744

116 lawman0 the Cudgeller (level 5, 0/47 HPs)
             Began as a Gnoll Cinder Acolyte on Oct 11, 2021.
             Was a High Priest of Ignis.
             Slain by a scorpion (4 damage)
             ... on level 4 of the Dungeon.
             The game lasted 00:06:35 (2884 turns).

lawman0 the Cudgeller (Gnoll Cinder Acolyte)        Turns: 2884, Time: 00:06:35

Health: 0/47       AC:  7    Str: 13    XL:     5   Next: 0%
Magic:  4/9        EV: 10    Int: 14    God:    Ignis [*****.]
Gold:   1659       SH:  0    Dex:  8    Spells: 3/10 levels left

rFire   + . .      SeeInvis .   o - +3 flail
rCold   . . .      Faith    .   (no shield)
rNeg    . . .      Spirit   .   p - +0 ring mail
rPois   .          Reflect  .   (no helmet)
rElec   .          Harm     .   (no cloak)
rCorr   .          Rampage  .   h - +0 pair of gloves
Will    .....                   i - +0 pair of boots
Stlth   +.........              (no amulet)
HPRegen 0.15/turn               g - ring of flight
MPRegen 0.11/turn               (no ring)

@: lethally poisoned (0 -> -15), flying
A: fangs 1, strong nose, distributed training
a: Renounce Religion, Sea of Fire, Foxfire Swarm, Rising Flame


You were on level 4 of the Dungeon.
You worshipped Ignis.
Ignis was extremely pleased with you.
You visited 1 branch of the dungeon, and saw 4 of its levels.

You collected 1659 gold pieces.

Inventory:

Hand Weapons
 a - a -1 mace of flaming
 o - a +3 flail (weapon)
Missiles
 k - 3 boomerangs (quivered)
 q - 12 poisoned darts
Armour
 h - a +0 pair of gloves (worn)
 i - a +0 pair of boots (worn)
 j - a +0 tower shield
 p - a +0 ring mail (worn)
Jewellery
 g - a ring of flight (left hand)
Scrolls
 b - a scroll of teleportation {unknown}
 d - 2 scrolls of torment
 e - a scroll of enchant weapon {unknown}
 f - a scroll of fear
 m - 2 scrolls of amnesia
Potions
 n - a potion of heal wounds {unknown}


   Skills:
 + Level 6.6 Fighting
 + Level 1.3 Short Blades
 + Level 1.3 Long Blades
 + Level 1.3 Axes
 + Level 6.6 Maces & Flails
 + Level 1.3 Polearms
 + Level 1.3 Staves
 + Level 1.3 Slings
 + Level 1.3 Bows
 + Level 1.3 Crossbows
 + Level 1.3 Throwing
 + Level 1.3 Armour
 + Level 1.3 Dodging
 + Level 1.3 Stealth
 + Level 1.3 Shields
 + Level 1.3 Unarmed Combat
 + Level 3.1 Spellcasting
 + Level 1.0 Conjurations
 + Level 1.0 Hexes
 + Level 1.0 Summonings
 + Level 1.0 Necromancy
 + Level 1.0 Translocations
 + Level 1.0 Transmutations
 + Level 5.5 Fire Magic
 + Level 1.0 Ice Magic
 + Level 1.0 Air Magic
 + Level 1.0 Earth Magic
 + Level 1.0 Poison Magic
 + Level 1.4 Invocations
 + Level 1.3 Evocations


You had 3 spell levels left.
You knew the following spells:

 Your Spells              Type           Power      Damage    Failure   Level
a - Blink                 Tloc           N/A        N/A       41%         2
b - Scorch                Fire           34%        2d6       7%          2
d - Mephitic Cloud        Conj/Pois/Air  5%         N/A       65%         3

Your spell library contained the following spells:

 Spells                   Type           Power      Damage    Failure   Level
 Magic Dart               Conj           20%        1d4       28%         1
 Sting                    Tmut/Pois      20%        1d4       28%         1
 Call Imp                 Summ           5%         N/A       41%         2
 Corpse Rot               Necr/Air       N/A        N/A       41%         2
 Poisonous Vapours        Pois/Air       10%        N/A       41%         2
 Lesser Beckoning         Tloc           5%         N/A       65%         3
 Animate Dead             Necr           2%         N/A       96%         4
 Dispel Undead            Necr           5%         3d7       96%         4
 Manifold Assault         Tloc           5%         N/A       100%        5
 Death Channel            Necr           2%         N/A       100%        6
 Haunt                    Necr/Summ      2%         N/A       100%        7
 Infestation              Necr           2%         N/A       100%        8


Dungeon Overview and Level Annotations

Branches:
Dungeon (4/15)
 Temple: D:4-7

Altars:
Elyvilon
Gozag
Makhleb
Wu Jian
Xom


Innate Abilities, Weirdness & Mutations

You have very sharp teeth.
Your uncanny sense of smell can sniff out nearby items.
Your experience applies equally to all skills.


Message History

The scorpion barely misses you.
Unknown command.
Unknown command.
Casting: Scorch (safe; 7% risk of failure)
Confirm with . or Enter, or press ? or * to list all spells.
Flames lash the scorpion.
The scorpion is burned terribly!
The scorpion is severely wounded.
You feel sick.
The scorpion is no longer more vulnerable to fire.
The scorpion stings you.
You are more poisoned.
The scorpion poisons you!
Unknown command.
You feel better. The scorpion stings you.
You barely miss the scorpion.
The scorpion is severely wounded.
The scorpion stings you.
You are poisoned.
The scorpion poisons you! The scorpion stings you.
You barely miss the scorpion.
You bite the scorpion, but do no damage.
The scorpion is severely wounded.
You feel very sick. The scorpion stings you.
You are lethally poisoned!
The scorpion poisons you!
You hit the scorpion but do no damage.
The scorpion is severely wounded.
* * * LOW HITPOINT WARNING * * *
You feel very sick. The scorpion stings you.
* * * LOW HITPOINT WARNING * * *
Unknown command.
You barely miss the scorpion.
You bite the scorpion, but do no damage.
The scorpion is severely wounded.
* * * LOW HITPOINT WARNING * * *
You feel very sick. The scorpion stings you.
You die...

#########
#.......###
#...).....#
#.......#.#
##......#
##.#...####...#
# ##..# #...#
#....## #...#
#...(... #...#
#........ #...)
..$........
#....#
#.........|#


You could see a scorpion and a kobold.

Vanquished Creatures
  4 gnolls (D:2)
  4 adders
  2 dart slugs (D:1)
  2 orcs
  3 ball pythons
  3 endoplasms
  A giant cockroach (D:2)
  3 goblins
  A hobgoblin (D:2)
  A jackal (D:2)
  2 kobolds (D:3)
  A quokka (D:2)
  3 bats
  4 frilled lizards
  3 rats
37 creatures vanquished.

Notes
Turn   | Place    | Note
-------+----------+-------------------------------------------
     0 | D:1      | lawman0 the Gnoll Cinder Acolyte began the quest for the
                  | Orb.
     0 | D:1      | Reached XP level 1. HP: 23/23 MP: 4/4
   282 | D:1      | Found a faded altar of an unknown god.
   288 | D:1      | Got Plato's Grimoire of Envenoming
   312 | D:1      | Reached XP level 2. HP: 26/29 MP: 5/5
   699 | D:1      | Learned a level 2 spell: Blink
   702 | D:1      | Learned a level 2 spell: Scorch
   704 | D:1      | Learned a level 1 spell: Sting
   760 | D:2      | Reached XP level 3. HP: 21/35 MP: 0/7
  1544 | D:2      | Reached skill level 1 in Invocations
  1580 | D:2      | Reached skill level 1 in Short Blades
  1580 | D:2      | Reached skill level 1 in Long Blades
  1580 | D:2      | Reached skill level 1 in Axes
  1580 | D:2      | Reached skill level 1 in Polearms
  1580 | D:2      | Reached skill level 1 in Staves
  1580 | D:2      | Reached skill level 1 in Slings
  1580 | D:2      | Reached skill level 1 in Bows
  1580 | D:2      | Reached skill level 1 in Crossbows
  1580 | D:2      | Reached skill level 1 in Throwing
  1580 | D:2      | Reached skill level 1 in Armour
  1580 | D:2      | Reached skill level 1 in Dodging
  1580 | D:2      | Reached skill level 1 in Stealth
  1580 | D:2      | Reached skill level 1 in Shields
  1580 | D:2      | Reached skill level 1 in Unarmed Combat
  1580 | D:2      | Reached skill level 1 in Evocations
  1582 | D:2      | Reached XP level 4. HP: 22/41 MP: 2/8
  1782 | D:2      | Reached skill level 1 in Conjurations
  1782 | D:2      | Reached skill level 1 in Hexes
  1782 | D:2      | Reached skill level 1 in Summonings
  1782 | D:2      | Reached skill level 1 in Necromancy
  1782 | D:2      | Reached skill level 1 in Translocations
  1782 | D:2      | Reached skill level 1 in Transmutations
  1782 | D:2      | Reached skill level 1 in Ice Magic
  1782 | D:2      | Reached skill level 1 in Air Magic
  1782 | D:2      | Reached skill level 1 in Earth Magic
  1782 | D:2      | Reached skill level 1 in Poison Magic
  1786 | D:2      | Learned a level 3 spell: Mephitic Cloud
  2126 | D:3      | Found an ornate altar of the Wu Jian Council.
  2164 | D:3      | Found an opulent altar of Gozag.
  2175 | D:3      | Found a shimmering altar of Xom.
  2186 | D:3      | Found a burning altar of Makhleb.
  2500 | D:3      | Noticed a sky beast
  2613 | D:3      | Reached XP level 5. HP: 46/47 MP: 9/9
  2777 | D:3      | Found a white marble altar of Elyvilon.
  2861 | D:4      | Identified 2 scrolls of acquirement
  2861 | D:4      | Acquired 766 gold pieces
  2862 | D:4      | Acquired 810 gold pieces
  2884 | D:4      | Slain by a scorpion

Illustrated notes

Levels and vault maps discovered:
D:1:      nzn_arrival_depleted_hourglass, layout_loops_ring,
          shapermc_ecumenical_altar_rom_forum, minmay_pentomino_q2
D:2:      layout_loops_ring, hangedman_abyss_or_decor_stabs,
          minmay_tiny_reverse_x
D:3:      layout_loops_cross, lemuel_doored_altar,
          mainiacjoe_overflow_large_starburst, mainiacjoe_overflow_big_doors,
          amethyst_killhole, amcnicky_mini_pool_small, lightli_corner_chamber
D:4:      layout_basic, portal_sewer_entry_e

Skill      XL: |  1  2  3  4 |
---------------+-------------+-----
Invocations    | 1 |  1.4
Short Blades   | 1 |  1.3
Long Blades    | 1 |  1.3
Axes           | 1 |  1.3
Polearms       | 1 |  1.3
Staves         | 1 |  1.3
Slings         | 1 |  1.3
Bows           | 1 |  1.3
Crossbows      | 1 |  1.3
Throwing       | 1 |  1.3
Armour         | 1 |  1.3
Dodging        | 1 |  1.3
Stealth        | 1 |  1.3
Shields        | 1 |  1.3
Unarmed Combat | 1 |  1.3
Evocations     | 1 |  1.3
Spellcasting   | 3 |  3.1
Conjurations   | 1 |  1.0
Hexes          | 1 |  1.0
Summonings     | 1 |  1.0
Necromancy     | 1 |  1.0
Translocations | 1 |  1.0
Transmutations | 1 |  1.0
Ice Magic      | 1 |  1.0
Air Magic      | 1 |  1.0
Earth Magic    | 1 |  1.0
Poison Magic   | 1 |  1.0
Fighting       | |  6.6
Maces & Flails | |  6.6
Fire Magic     | |  5.5

Action                   |  1- 3 |  4- 6 || total
-------------------------+-------+-------++-------
Melee: Mace              |    43 |     6 ||    49
       Bite              |     4 |     5 ||     9
       Flail             |       |    42 ||    42
       Punch             |       |     1 ||     1
Throw: Boomerang         |       |     8 ||     8
 Cast: Scorch            |    13 |     4 ||    17
       Sting             |     7 |     1 ||     8
  Use: Potion            |     2 |     1 ||     3
       Scroll            |       |     5 ||     5
 Stab: Invisible         |     1 |       ||     1
       Sleeping          |       |     1 ||     1
Armor: Robe              |     4 |       ||     4
       Ring mail         |       |    17 ||    17
Dodge: Dodged            |    24 |    21 ||    45

Table legend: (Time is in decaauts)
 A = Elapsed time spent in this place.
 B = Non-inter-level travel time spent in this place.
 C = Inter-level travel time spent in this place.
 D = Time resting spent in this place.
 E = Time spent auto-exploring this place.
 F = Levels seen in this place.
 G = Mean time per level.
                   A        B        C        D        E       F      G
               +--------+--------+--------+--------+--------+-----+--------+
         Total |   2891 |   2766 |    125 |    405 |   1927 |   4 |  722.8 |
       Dungeon |   2891 |   2766 |    125 |    405 |   1927 |   4 |  722.8 |
               +--------+--------+--------+--------+--------+-----+--------+

Top non-repeatable levels by time:
     D:2: 1327 daAuts
     D:3: 809 daAuts
     D:1: 728 daAuts
     D:4: 24 daAuts
